AoeStats
← Striker1904

Arabia

509412395Analyzed
2v2 RM · 5d ago on Sep 26, 2026· 50m 58s· 4 players
Game mode
Random Map
Map size
Medium (4 player)
Population
200
Speed
Normal
Resources
Standard
Victory
Conquest
Starting age
Dark Age
Ending age
Imperial Age
RankedLock teamsTeams togetherTeam positionsShared explorationLock speedFull tech treeHidden civsTurbo modeCheats
Victory
Defeat
🇩🇪 Saxons · Germany
1061
+19
🇩🇪 Burmese · Germany
1049
+19
1125
-19
🇷🇺 Italians · Russia
1124
-19
Timoptimo
8:31 Loom
10:57 Feudal Age
11:36 Horse Collar
15:12 Scale Barding Armor
18:44 Padded Archer Armor
22:37 Castle Age
21:06 Fletching
23:57 Bloodlines
24:23 Bodkin Arrow
24:47 Forging
24:41 Husbandry
25:49 Elite Skirmisher
30:06 Chain Barding Armor
34:37 Wheelbarrow
37:30 Gold Mining
37:31 Stone Mining
37:48 Heavy Plow
39:22 Iron Casting
40:23 Scale Mail Armor
42:55 Imperial Age
40:45 Murder Holes
41:21 Squires
41:07 Gambesons
40:58 Man-at-Arms
42:04 Chain Mail Armor
42:20 Arson
42:40 Long Swordsman
43:05 Capped Ram
44:18 Two-Handed Swordsman
45:35 Plate Mail Armor
47:26 Hand Cart
46:56 Town Watch
48:48 Blast Furnace
48:06 Bracer
48:29 Ballistics
48:20 Fortified Wall
48:46 Champion
Striker1904
7:44 Loom
9:57 Feudal Age
11:10 Double-Bit Axe
13:25 Forging
19:11 Horse Collar
22:08 Castle Age
22:29 Crossbowman
24:06 Wheelbarrow
24:10 Bow Saw
24:00 Town Watch
25:44 Fletching
26:44 Bodkin Arrow
32:28 Ballistics
36:07 Hand Cart
47:35 Town Patrol
Хорус_Лубрикант
7:14 Loom
10:06 Feudal Age
10:39 Double-Bit Axe
10:40 Man-at-Arms
21:33 Castle Age
21:14 Scale Mail Armor
21:24 Forging
22:19 Squires
23:22 Horse Collar
26:51 Gambesons
33:56 Iron Casting
35:19 Wheelbarrow
36:12 Chain Mail Armor
35:47 Arson
45:36 Imperial Age
45:25 Hand Cart
47:07 Plate Mail Armor
49:40 Blast Furnace
48:12 Cranequins
49:34 Fletching
49:46 Padded Archer Armor
49:50 Husbandry
TheAnatoly
4:33 Loom
10:36 Feudal Age
12:08 Wheelbarrow
11:57 Double-Bit Axe
12:44 Horse Collar
13:27 Town Watch
20:22 Castle Age
21:33 Bow Saw
21:16 Crossbowman
22:49 Hand Cart
22:31 Stone Mining
26:56 Fletching
45:12 Bodkin Arrow
47:16 Heavy Plow
49:45 Thumb Ring
Connection lost

Rejoining the realm…

Still unreachable

The connection could not be restored.

Session expired

The server has moved on; the page needs a fresh start.